Get step-by-step instructions on how to execute this build order below. Start the game timer, and the build order will tick by so you can play in parallel with StarCraft on a second screen or mobile device.

Game Time

  0:00

Last Step

  N/A

Next Step

  12  0:00  SCV  

Upcoming Step

  13  0:12  SCV  

Don't want to look back and forth between 2 screens? Try out our Overwolf App, the Spawning Tool Build Advisor to get an in-game overlay with this build!

Complete Build Order

  12  0:00  SCV  
  13  0:12  SCV  
  14  0:17  Supply Depot  
  14  0:24  SCV  
  15  0:38  SCV  
  15  0:40  Barracks  
  16  0:43  Refinery  
  16  0:50  SCV  
  16  0:54  Refinery  
  17  1:03  SCV  
  18  1:15  SCV  
  19  1:27  Orbital Command, Reaper  
  19  1:31  Supply Depot  
  20  1:40  Factory  
  20  1:53  SCV  
  21  1:59  Reaper  
  22  2:05  SCV  
  23  2:19  SCV, Command Center  
  24  2:24  Factory Tech Lab  
  24  2:31  SCV  
  25  2:37  Reaper  
  25  2:43  SCV  
  27  2:45  Cyclone  
  30  2:52  Supply Depot  
  30  2:56  SCV  
  30  3:07  Starport  
  30  3:10  SCV  
  31  3:13  Barracks Reactor  
  31  3:24  SCV  
  31  3:31  Cyclone  
  31  3:33  Supply Depot  
  34  3:36  SCV  
  35  3:46  Refinery  
  35  3:48  SCV  
  35  3:49  Marine x2, Medivac  
  35  3:51  Orbital Command  
  40  4:00  SCV  
  41  4:07  Marine x2  
  43  4:13  SCV  
  43  4:14  Siege Tank  
  43  4:17  SCV  
  48  4:21  Starport Tech Lab  
  48  4:25  Marine x2  
  48  4:30  SCV, Command Center  
  51  4:33  SCV  
  52  4:39  Supply Depot  
  52  4:42  Raven  
  52  4:45  Marine x2  
  52  4:47  SCV  
  52  4:50  SCV  
  56  4:59  SCV  
  57  5:03  SCV, Marine  
  59  5:07  Siege Tank  
  59  5:10  Supply Depot  
  59  5:12  SCV  
  63  5:14  Supply Depot  
  63  5:15  SCV  
  63  5:16  Marine  
  63  5:20  Raven  
  67  5:24  SCV  
  67  5:27  SCV, Marine  
  66  5:34  Marine  
  65  5:36  SCV  
  65  5:39  SCV  
  66  5:47  Siege Tank  
  66  5:48  SCV  
  70  5:51  SCV  
  70  6:00  SCV  
  70  6:03  SCV  
  72  6:11  Marine  
  72  6:13  Barracks x2, SCV  
  72  6:16  Marine  
  72  6:18  Raven  
  77  6:21  SCV  
  78  6:30  Siege Tank  
  78  6:32  SCV  
  82  6:33  SCV  
  82  6:39  Marine x2  
  74  6:44  SCV  
  74  6:45  SCV  
  72  6:48  Orbital Command  
  70  6:56  SCV  
  70  6:57  Marine  
  70  6:58  SCV  
  70  7:01  Marine  
  56  7:09  SCV  
  56  7:10  SCV  
  56  7:13  Barracks Reactor x2  
  59  7:18  Siege Tank  
  59  7:21  SCV  
  59  7:22  Engineering Bay x2, SCV  
  62  7:30  Viking  
  62  7:31  Viking  
  62  7:36  SCV x2  
  68  7:39  Stimpack  
  68  7:40  SCV  
  68  7:41  Marine  
  70  7:50  Marine x3  
  73  7:51  Marine  
  73  7:52  Orbital Command, Refinery  
  74  7:59  Marine  
  74  8:01  Siege Tank  
  74  8:04  Viking  
  80  8:08  Marine x2  
  80  8:09  Marine  
  80  8:12  SCV x2  
  84  8:15  Terran Infantry Weapons Level 1  
  84  8:18  Marine x2  
  86  8:20  SCV  
  86  8:21  Barracks x2  
  86  8:24  Terran Infantry Armor Level 1  
  86  8:26  Marine x2  
  89  8:28  SCV x2  
  89  8:32  Supply Depot  
  91  8:35  SCV  
  91  8:40  SCV x2  
  93  8:41  Marine  
  93  8:44  Supply Depot  
  93  8:48  Supply Depot  
  93  8:49  Marine  
  93  8:53  Marine x2, Viking, Siege Tank  
  100  9:01  Viking  
  101  9:05  Marine x2  
  101  9:06  SCV x3  
  101  9:09  Barracks Reactor x2  
  106  9:12  Marine x3  
  109  9:18  SCV, Supply Depot  
  109  9:19  SCV x2, Combat Shield  
  109  9:23  Marine x2  
  114  9:26  Sensor Tower  
  114  9:30  Marine  
  114  9:31  Marine x2  
  116  9:32  Supply Depot  
  116  9:34  SCV  
  116  9:39  Siege Tank  
  116  9:41  Marine x2  
  121  9:46  Missile Turret  
  121  9:47  Armory, Refinery x2  
  121  9:48  Marine x2  
  121  9:51  SCV  
  124  9:53  SCV  
  124  9:54  SCV, Supply Depot  
  124  9:57  Marine  
  124  9:58  Marine x2  
  129  10:00  Marine x2  
  129  10:03  SCV  
  129  10:04  Marine  
  133  10:09  SCV x2  
  133  10:10  Marine x2  
  133  10:13  Siege Tank  
  130  10:15  SCV  
  131  10:21  SCV x2  
  131  10:22  Marine x3  
  131  10:23  Marine x2  
  131  10:25  Marine x2  
  140  10:30  Missile Turret  
  140  10:34  Medivac x2  
  144  10:38  Marine, Factory  
  144  10:42  Marine x2  
  144  10:43  Marine x2  
  144  10:45  Supply Depot  
  149  10:54  Marine  
  145  10:57  Command Center  
  145  10:58  Marine, Siege Tank  
  149  11:10  Marine x3  
  152  11:12  Marine  
  149  11:20  Marine  
  149  11:21  Marine  
  149  11:23  Marine x3  
  154  11:28  Marine, SCV x2  
  144  11:36  Marine x3  
  144  11:38  Marine  
  144  11:39  Marine, SCV  
  127  11:41  Marine x3  
  127  11:44  Siege Tank  
  127  11:45  Marine  
  110  11:47  SCV  
  110  11:54  Marine x3  
  96  11:55  Marine  
  96  11:57  Marine  
  96  11:58  Marine  
  96  11:59  Marine x2  
  94  12:03  Marine